NWL (28 & UNDER)
MOOSE JAW GHOSTBUSTERS @ BALZAC RAMS
08/21/2029
 
TOP OF THE 1ST
Moose Jaw Ghostbusters batting - Pitching for Balzac Rams : LHP Juan Jiménez
Pitching: LHP Juan Jiménez
Batting: SHB Martín Cruz 0-0: Called Strike
0-1: Ball
1-1: Swinging Strike
1-2: Ball
2-2: Ball
3-2: Fly out, F9 (Flyball, 9LSF)
Batting: LHB Jon Rogers 0-0: SINGLE (Groundball, 34D)
Batting: RHB Billy Mullins 0-0: Called Strike
0-1: Ball
1-1: Ball
2-1: Swinging Strike
Jon Rogers steals 2nd base
2-2: Foul Ball, location: 2F
2-2: Strikes out swinging
Batting: RHB Henry Barker 0-0: Ball
1-0: Ground out 6-3 (Groundball, 6)
Top of the 1st over - 0 runs, 1 hit, 0 errors, 1 left on base; Moose Jaw 0 - Balzac 0
BOTTOM OF THE 1ST
Balzac Rams batting - Pitching for Moose Jaw Ghostbusters : LHP Colton Elías
Pitching: LHP Colton Elías
Batting: LHB Ryan Rheaume 0-0: Called Strike
0-1: Foul Ball, location: 2F
0-2: Ball
1-2: Foul Ball, location: 2F
1-2: Foul Ball, location: 2F
1-2: SINGLE (Groundball, 5L) (infield hit)
Batting: RHB Lorenzo Silva 0-0: Called Strike
0-1: Ball
Wild Pitch!
Ryan Rheaume to second
1-1: Ball
2-1: TRIPLE (Line Drive, 8LXD)
Ryan Rheaume scores
Batting: RHB Santiago Rivera 0-0: Fly out, F9 (Flyball, 89M)
Runner from 3rd tags up, OUT at HOME
Batting: RHB Gunner Allen 0-0: Fly out, F8 (Line Drive, 78D)
Bottom of the 1st over - 1 run, 2 hits, 0 errors, 0 left on base; Moose Jaw 0 - Balzac 1
TOP OF THE 2ND
Moose Jaw Ghostbusters batting - Pitching for Balzac Rams : LHP Juan Jiménez
Batting: LHB Jon Scott 0-0: Foul Ball, location: 2F
0-1: Swinging Strike
0-2: Foul Ball, location: 2F
0-2: Fly out, F6 (Popup, 6M)
Batting: SHB Rafael Acosta 0-0: Ball
1-0: Foul Ball, location: 2F
1-1: Fly out, F8 (Flyball, 8LM)
Batting: LHB John Stone 0-0: Called Strike
0-1: Called Strike
0-2: Ball
1-2: Foul Ball, location: 2F
1-2: Ball
2-2: Ground out 6-3 (Groundball, 6)
Top of the 2nd over - 0 runs, 0 hits, 0 errors, 0 left on base; Moose Jaw 0 - Balzac 1
BOTTOM OF THE 2ND
Balzac Rams batting - Pitching for Moose Jaw Ghostbusters : LHP Colton Elías
Batting: RHB Jim Martin 0-0: Called Strike
0-1: Called Strike
0-2: Ball
1-2: Strikes out swinging
Batting: SHB Emílio Calvillo 0-0: Ball
1-0: Foul Ball, location: 2F
1-1: SINGLE (Line Drive, 8LS)
Batting: RHB Jason Ward 0-0: Ball
1-0: Called Strike
1-1: Foul Ball, location: 2F
1-2: Fly out, F9 (Flyball, 9D)
Batting: LHB Troy Jackson 0-0: Called Strike
Emílio Calvillo steals 2nd base
0-1: Ball
1-1: Called Strike
1-2: Ball
2-2: Ground out 5-3 (Groundball, 56S)
Bottom of the 2nd over - 0 runs, 1 hit, 0 errors, 1 left on base; Moose Jaw 0 - Balzac 1
TOP OF THE 3RD
Moose Jaw Ghostbusters batting - Pitching for Balzac Rams : LHP Juan Jiménez
Batting: LHB Tony Beck 0-0: Ball
1-0: SINGLE (Groundball, 34D)
Batting: RHB Johnny MacNamara 0-0: DOUBLE (Line Drive, 9LS)
Tony Beck to third
Batting: SHB Martín Cruz 0-0: Swinging Strike
0-1: Ball
Passed Ball!
Tony Beck scores
Johnny MacNamara to third
1-1: SINGLE (Groundball, 4MD)
Johnny MacNamara scores
Batting: LHB Jon Rogers 0-0: Ball
1-0: Ball
2-0: Foul Ball, location: 2F
2-1: SINGLE (Line Drive, 4D)
Martín Cruz to second
Runner from 2nd tries for 3rd, SAFE, no throw
Batting: RHB Billy Mullins 0-0: Called Strike
0-1: Ball
1-1: Foul Ball, location: 2F
1-2: Ball
2-2: Foul Ball, location: 2F
2-2: Ball
3-2: SINGLE (Groundball, 3D)
Martín Cruz scores
Jon Rogers to second
Runner from 2nd tries for 3rd, SAFE, throw made to third
Batting: RHB Henry Barker 0-0: Fly out, F8 (Flyball, 8RD)
Runner from 3rd tags up, SCORES, throw made
Batting: LHB Jon Scott 0-0: Ball
1-0: Ball
2-0: Ball
3-0: Base on Balls
Billy Mullins to second
Batting: SHB Rafael Acosta 0-0: Called Strike
0-1: Swinging Strike
0-2: Strikes out swinging
Batting: LHB John Stone 0-0: Called Strike
0-1: Foul Ball, location: 2F
0-2: Ball
1-2: Ball
2-2: Ball
3-2: Strikes out swinging
Top of the 3rd over - 4 runs, 5 hits, 0 errors, 2 left on base; Moose Jaw 4 - Balzac 1
BOTTOM OF THE 3RD
Balzac Rams batting - Pitching for Moose Jaw Ghostbusters : LHP Colton Elías
Batting: LHB Carlos Romero 0-0: Called Strike
0-1: Ball
1-1: Ball
2-1: Ground out 4-3 (Groundball, 4)
Batting: LHB Ryan Rheaume 0-0: Called Strike
0-1: Ball
1-1: Ball
2-1: Ball
3-1: Foul Ball, location: 2F
3-2: Foul Ball, location: 2F
3-2: Base on Balls
Batting: RHB Lorenzo Silva 0-0: Ball
1-0: Ball
2-0: Called Strike
2-1: Fly out, F8 (Flyball, 8RD)
Batting: RHB Santiago Rivera 0-0: Ball
1-0: Fielders Choice at 2nd, 6-4 (Groundball, 6)
Bottom of the 3rd over - 0 runs, 0 hits, 0 errors, 1 left on base; Moose Jaw 4 - Balzac 1
TOP OF THE 4TH
Moose Jaw Ghostbusters batting - Pitching for Balzac Rams : LHP Juan Jiménez
Batting: LHB Tony Beck 0-0: Ground out U3 (Groundball, 3)
Batting: RHB Johnny MacNamara 0-0: Ball
1-0: Ball
2-0: Ball
3-0: Base on Balls
Batting: SHB Martín Cruz 0-0: Ball
1-0: Grounds into double play, 6-4-3 (Groundball, 6)
Top of the 4th over - 0 runs, 0 hits, 0 errors, 0 left on base; Moose Jaw 4 - Balzac 1
BOTTOM OF THE 4TH
Balzac Rams batting - Pitching for Moose Jaw Ghostbusters : LHP Colton Elías
Batting: RHB Gunner Allen 0-0: Ball
1-0: Called Strike
1-1: Swinging Strike
1-2: Ball
2-2: Foul Ball, location: 2F
2-2: Ball
3-2: Base on Balls
Batting: RHB Jim Martin 0-0: Called Strike
0-1: Ball
1-1: Ball
2-1: Foul Ball, location: 2F
2-2: SINGLE (Groundball, 34D)
Gunner Allen to second
Runner from 2nd tries for 3rd, SAFE, throw made to third
Batting: SHB Emílio Calvillo 0-0: Ball
1-0: Ball
2-0: Grounds into double play, 4-6-3 (Groundball, 4)
Gunner Allen scores
Batting: RHB Jason Ward 0-0: Called Strike
0-1: Ball
1-1: Ball
2-1: Ball
3-1: Foul Ball, location: 2F
3-2: Strikes out swinging
Bottom of the 4th over - 1 run, 1 hit, 0 errors, 0 left on base; Moose Jaw 4 - Balzac 2
TOP OF THE 5TH
Moose Jaw Ghostbusters batting - Pitching for Balzac Rams : LHP Juan Jiménez
Batting: LHB Jon Rogers 0-0: Called Strike
0-1: Ball
1-1: Foul Ball, location: 2F
1-2: Foul Ball, location: 2F
1-2: Strikes out swinging
Batting: RHB Billy Mullins 0-0: Ball
1-0: SINGLE (Groundball, 56) (infield hit)
Pitching: RHP Reid Mapstone
Batting: RHB Henry Barker 0-0: Fly out, F6 (Popup, 6)
Batting: LHB Jon Scott 0-0: Ball
1-0: Swinging Strike
1-1: Called Strike
1-2: Strikes out swinging
Top of the 5th over - 0 runs, 1 hit, 0 errors, 1 left on base; Moose Jaw 4 - Balzac 2
BOTTOM OF THE 5TH
Balzac Rams batting - Pitching for Moose Jaw Ghostbusters : LHP Colton Elías
Batting: LHB Troy Jackson 0-0: Called Strike
0-1: Ball
1-1: Swinging Strike
1-2: Foul Ball, location: 2F
1-2: Foul Ball, location: 2F
1-2: Ball
2-2: Strikes out swinging
Batting: LHB Carlos Romero 0-0: Ball
1-0: Ball
2-0: Called Strike
2-1: Ground out 4-3 (Groundball, 4)
Batting: LHB Ryan Rheaume 0-0: SINGLE (Line Drive, 6MD)
Batting: RHB Lorenzo Silva 0-0: Called Strike
Ryan Rheaume steals 2nd base
0-1: Called Strike
0-2: Ball
1-2: Ball
2-2: Foul Ball, location: 2F
2-2: SINGLE (Groundball, 56S) (infield hit)
Ryan Rheaume to third
Batting: RHB Santiago Rivera 0-0: Fielders Choice at 2nd, U6 (Groundball, 6M)
Bottom of the 5th over - 0 runs, 2 hits, 0 errors, 2 left on base; Moose Jaw 4 - Balzac 2
TOP OF THE 6TH
Moose Jaw Ghostbusters batting - Pitching for Balzac Rams : RHP Reid Mapstone
Batting: SHB Rafael Acosta 0-0: Called Strike
0-1: Ball
1-1: Ball
2-1: Foul Ball, location: 2F
2-2: Ball
3-2: SINGLE (Groundball, 34S) (infield hit)
Batting: LHB John Stone 0-0: Ball
1-0: Reached on error, E8 (Flyball, 8RS)
Rafael Acosta to second
Batting: LHB Tony Beck 0-0: Called Strike
0-1: Ball
1-1: Ground out 4-3 (Groundball, 34D)
Rafael Acosta to third
John Stone to second
Batting: RHB Johnny MacNamara 0-0: Foul Ball, location: 2F
0-1: Foul Ball, location: 2F
0-2: Ball
1-2: Ball
2-2: Ball
3-2: Foul Ball, location: 2F
3-2: Base on Balls
Batting: SHB Martín Cruz 0-0: Called Strike
0-1: Ball
1-1: Called Strike
1-2: Strikes out swinging
Batting: LHB Jon Rogers 0-0: Ball
1-0: Ball
2-0: Ball
3-0: Base on Balls
Rafael Acosta scores
John Stone to third
Johnny MacNamara to second
Batting: RHB Billy Mullins 0-0: Ball
1-0: Foul Ball, location: 2F
1-1: Foul Ball, location: 2F
1-2: Fielders Choice at 2nd, 6-4 (Groundball, 6)
Top of the 6th over - 1 run, 1 hit, 1 error, 3 left on base; Moose Jaw 5 - Balzac 2
BOTTOM OF THE 6TH
Balzac Rams batting - Pitching for Moose Jaw Ghostbusters : LHP Colton Elías
Batting: RHB Gunner Allen 0-0: Swinging Strike
0-1: Ball
1-1: Ground out 5-3 (Groundball, 56S)
Batting: RHB Jim Martin 0-0: Called Strike
0-1: Foul Ball, location: 2F
0-2: Ball
1-2: Fly out, F7 (Flyball, 7LD)
Batting: SHB Emílio Calvillo 0-0: Bunted foul
0-1: SINGLE (Flyball, 9LS)
Batting: RHB Jason Ward 0-0: Called Strike
Emílio Calvillo steals 2nd base
0-1: Fly out, F7 (Line Drive, 78D)
Bottom of the 6th over - 0 runs, 1 hit, 0 errors, 1 left on base; Moose Jaw 5 - Balzac 2
TOP OF THE 7TH
Moose Jaw Ghostbusters batting - Pitching for Balzac Rams : RHP Reid Mapstone
Batting: RHB Henry Barker 0-0: Ball
1-0: Fly out, F9 (Flyball, 9)
Batting: LHB Jon Scott 0-0: Ball
1-0: Foul Ball, location: 2F
1-1: Ball
2-1: Foul Ball, location: 2F
2-2: Ground out 6-3 (Groundball, 6)
Batting: SHB Rafael Acosta 0-0: Ground out 6-3 (Groundball, 6)
Top of the 7th over - 0 runs, 0 hits, 0 errors, 0 left on base; Moose Jaw 5 - Balzac 2
BOTTOM OF THE 7TH
Balzac Rams batting - Pitching for Moose Jaw Ghostbusters : LHP Colton Elías
Pitching: RHP Tom Fisher
Batting: LHB Troy Jackson 0-0: SINGLE (Groundball, 3D)
Batting: LHB Carlos Romero 0-0: Called Strike
0-1: Ball
1-1: Swinging Strike
1-2: Strikes out swinging
Batting: LHB Ryan Rheaume 0-0: Foul Ball, location: 2F
0-1: Ball
1-1: Called Strike
1-2: Ball
2-2: Ball
3-2: Ground out U3 (Groundball, 34S)
Troy Jackson to second
Batting: RHB Lorenzo Silva 0-0: Called Strike
0-1: Ball
1-1: Swinging Strike
1-2: Strikes out swinging
Bottom of the 7th over - 0 runs, 1 hit, 0 errors, 1 left on base; Moose Jaw 5 - Balzac 2
TOP OF THE 8TH
Moose Jaw Ghostbusters batting - Pitching for Balzac Rams : RHP Reid Mapstone
Batting: LHB John Stone 0-0: Called Strike
0-1: Foul Ball, location: 2F
0-2: Ball
1-2: Ball
2-2: Foul Ball, location: 2F
2-2: Ball
3-2: Base on Balls
Batting: LHB Tony Beck 0-0: Ball
1-0: Ball
2-0: Called Strike
John Stone steals 2nd base
2-1: Fly out, F3 (Line Drive, 3S)
Batting: RHB Johnny MacNamara 0-0: Ball
Throwing error on steal attempt, E2
John Stone scores
1-0: Ball
2-0: Called Strike
2-1: TRIPLE (Line Drive, 78XD)
Pitching: RHP John Harris
Batting: SHB Martín Cruz 0-0: Ball
1-0: SINGLE (Line Drive, 34D)
Johnny MacNamara scores
Batting: LHB Jon Rogers 0-0: Ball
1-0: Ball
2-0: Ball
3-0: Called Strike
3-1: Fly out, F7 (Flyball, 7LS)
Batting: RHB Billy Mullins 0-0: Ball
1-0: Fly out, F6 (Popup, 6)
Top of the 8th over - 2 runs, 2 hits, 1 error, 1 left on base; Moose Jaw 7 - Balzac 2
BOTTOM OF THE 8TH
Balzac Rams batting - Pitching for Moose Jaw Ghostbusters : RHP Tom Fisher
Batting: RHB Santiago Rivera 0-0: SINGLE (Line Drive, 6)
Batting: RHB Gunner Allen 0-0: Called Strike
0-1: Ball
1-1: Swinging Strike
1-2: Foul Ball, location: 2F
1-2: Strikes out swinging
Batting: RHB Jim Martin 0-0: Ball
1-0: Fly out, F3 (Popup, 3)
Batting: SHB Emílio Calvillo 0-0: Called Strike
0-1: Reached on error, E6 (Groundball, 6)
Santiago Rivera to third
Batting: RHB Jason Ward 0-0: Called Strike
0-1: Ball
1-1: Foul Ball, location: 2F
1-2: Ball
2-2: Ground out 6-3 (Groundball, 6)
Bottom of the 8th over - 0 runs, 1 hit, 1 error, 2 left on base; Moose Jaw 7 - Balzac 2
TOP OF THE 9TH
Moose Jaw Ghostbusters batting - Pitching for Balzac Rams : RHP John Harris
Batting: RHB Henry Barker 0-0: Fly out, F7 (Flyball, 7S)
Batting: LHB Jon Scott 0-0: SINGLE (Groundball, 6D)
Batting: SHB Rafael Acosta 0-0: Called Strike
Jon Scott steals 2nd base
0-1: Ball
1-1: Ball
2-1: Called Strike
2-2: Foul Ball, location: 2F
2-2: Ball
3-2: Base on Balls
Batting: LHB John Stone 0-0: Foul Ball, location: 2F
0-1: Foul Ball, location: 2F
0-2: Strikes out swinging
Batting: LHB Tony Beck 0-0: Ball
1-0: Called Strike
1-1: Ball
2-1: Foul Ball, location: 2F
2-2: Ball
3-2: Foul Ball, location: 2F
3-2: Fly out, F8 (Flyball, 8RD)
Top of the 9th over - 0 runs, 1 hit, 0 errors, 2 left on base; Moose Jaw 7 - Balzac 2
BOTTOM OF THE 9TH
Balzac Rams batting - Pitching for Moose Jaw Ghostbusters : RHP Tom Fisher
Batting: LHB Troy Jackson 0-0: Ground out 4-3 (Groundball, 34D)
Batting: LHB Carlos Romero 0-0: Fly out, F7 (Flyball, 7LD)
Batting: LHB Ryan Rheaume 0-0: Ball
1-0: Ground out 3-1 (Groundball, 34)
Bottom of the 9th over - 0 runs, 0 hits, 0 errors, 0 left on base; Moose Jaw 7 - Balzac 2
Saturday, December 16th, 2017 - OOTP Baseball 18.8 Build 76